IL
FRESNO GRIZZLIES @ TOLEDO MUD HENS
06/20/2048
 
TOP OF THE 1ST
Fresno Grizzlies batting - Pitching for Toledo Mud Hens : LHP Josh Thorpe
Pitching: LHP Josh Thorpe
Batting: SHB Bryan Johnston 0-0: Foul Ball, location: 2F
0-1: Ground out 4-3 (Groundball, 4, EV 80.6 MPH)
Batting: LHB Mark Dearth 0-0: Swinging Strike
0-1: SINGLE (Groundball, 3S, EV 65.0 MPH) (infield hit)
Batting: RHB Elijah Hunter 0-0: Called Strike
0-1: Called Strike
0-2: Ball
1-2: Foul Ball, location: 2F
1-2: Strikes out swinging
Batting: RHB Marty King 0-0: Ball
1-0: Ground out 4-3 (Groundball, 34, EV 84.4 MPH)
Top of the 1st over - 0 runs, 1 hit, 0 errors, 1 left on base; Fresno 0 - Toledo 0
BOTTOM OF THE 1ST
Toledo Mud Hens batting - Pitching for Fresno Grizzlies : RHP Andy Harrigan
Pitching: RHP Andy Harrigan
Batting: RHB Brandon O'Malley 0-0: Called Strike
0-1: Ground out 5-3 (Groundball, 5, EV 108.1 MPH)
Batting: RHB J.J. Basil 0-0: SINGLE (Line Drive, 3D, EV 98.1 MPH)
Batting: LHB Bill Ford 0-0: Called Strike
0-1: Ball
1-1: Foul Ball, location: 2F
1-2: Fielders Choice at 2nd, 1-6 (Groundball, P, EV 71.2 MPH)
Batting: LHB Jon Frederick 0-0: Ball
1-0: Called Strike
1-1: Called Strike
1-2: Ball
2-2: Ball
3-2: Strikes out swinging
Bottom of the 1st over - 0 runs, 1 hit, 0 errors, 1 left on base; Fresno 0 - Toledo 0
TOP OF THE 2ND
Fresno Grizzlies batting - Pitching for Toledo Mud Hens : LHP Josh Thorpe
Batting: LHB Angelo Vasquez 0-0: Called Strike
0-1: Ball
1-1: Ball
2-1: Called Strike
2-2: Foul Ball, location: 2F
2-2: Strikes out looking
Batting: RHB Mark Marks 0-0: Ball
1-0: Ball
2-0: Fly out, F4 (Popup, 4M, EV 58.1 MPH)
Batting: RHB Nick Deegan 0-0: Ground out 3-1 (Groundball, 34, EV 95.6 MPH)
Top of the 2nd over - 0 runs, 0 hits, 0 errors, 0 left on base; Fresno 0 - Toledo 0
BOTTOM OF THE 2ND
Toledo Mud Hens batting - Pitching for Fresno Grizzlies : RHP Andy Harrigan
Batting: RHB Dan Becvar 0-0: Foul Ball, location: 2F
0-1: Ball
1-1: Ball
2-1: Ball
3-1: Foul Ball, location: 2F
3-2: Base on Balls
Batting: RHB Jamie Villagrana 0-0: Ball
1-0: Ball
Pickoff Throw by Catcher to First - Error! E2
Dan Becvar to second
2-0: Ball
3-0: Called Strike
3-1: Called Strike
3-2: Foul Ball, location: 2F
3-2: Base on Balls
Batting: RHB Keith Hoffman 0-0: SINGLE (Groundball, 56D, EV 100.0 MPH)
Dan Becvar to third
Jamie Villagrana to second
Runner from 3rd tries for Home, SAFE, throw by LF to home
Batting: RHB Aaron Cusick 0-0: Ball
1-0: Fly out, F7 (Flyball, 78M, EV 81.2 MPH)
Batting: SHB Chris Wagler 0-0: Ball
1-0: Called Strike
1-1: Foul Ball, location: 2F
1-2: Ball
2-2: Grounds into double play, 4-6-3 (Groundball, 4MS, EV 94.4 MPH)
Bottom of the 2nd over - 1 run, 1 hit, 1 error, 1 left on base; Fresno 0 - Toledo 1
TOP OF THE 3RD
Fresno Grizzlies batting - Pitching for Toledo Mud Hens : LHP Josh Thorpe
Batting: RHB Xavier Castaneda 0-0: Ball
1-0: Ground out 2-3 (Groundball, 15S, EV 65.0 MPH)
Batting: RHB Workneh Lagat 0-0: Fly out, F7 (Flyball, 78M, EV 98.8 MPH)
Batting: SHB Bryan Johnston 0-0: Ball
1-0: Called Strike
1-1: DOUBLE (Flyball, 89D, EV 105.6 MPH)
Batting: LHB Mark Dearth 0-0: Foul Ball, location: 2F
0-1: Ball
1-1: Ball
2-1: SINGLE (Line Drive, 7LS, EV 88.1 MPH)
Bryan Johnston to third
Batting: RHB Elijah Hunter 0-0: Swinging Strike
0-1: Called Strike
0-2: Ball
1-2: Fly out, F8 (Flyball, 8RM, EV 88.1 MPH)
Top of the 3rd over - 0 runs, 2 hits, 0 errors, 2 left on base; Fresno 0 - Toledo 1
BOTTOM OF THE 3RD
Toledo Mud Hens batting - Pitching for Fresno Grizzlies : RHP Andy Harrigan
Batting: RHB Brandon O'Malley 0-0: Ball
1-0: Ball
2-0: SINGLE (Groundball, 56D, EV 97.5 MPH)
Batting: RHB J.J. Basil 0-0: Called Strike
0-1: Ball
1-1: Fly out, F7 (Flyball, 7D, EV 89.4 MPH)
Batting: LHB Bill Ford 0-0: Swinging Strike
0-1: Foul Ball, location: 2F
0-2: Ball
1-2: Grounds out, U3 (Groundball, 3L, EV 85.6 MPH)
Batting: LHB Jon Frederick 0-0: Foul Ball, location: 2F
0-1: Called Strike
0-2: Strikes out swinging
Bottom of the 3rd over - 0 runs, 1 hit, 0 errors, 1 left on base; Fresno 0 - Toledo 1
TOP OF THE 4TH
Fresno Grizzlies batting - Pitching for Toledo Mud Hens : LHP Josh Thorpe
Batting: RHB Marty King 0-0: Ball
1-0: Called Strike
1-1: Ball
2-1: Ball
3-1: Foul Ball, location: 2F
3-2: Strikes out looking
Batting: LHB Angelo Vasquez 0-0: Ball
1-0: Swinging Strike
1-1: Foul Ball, location: 2F
1-2: Ball
2-2: Ball
3-2: Base on Balls
Batting: RHB Mark Marks 0-0: Ball
1-0: Foul Ball, location: 2F
1-1: Foul Ball, location: 2F
1-2: Foul Ball, location: 2F
1-2: Strikes out looking
Batting: RHB Nick Deegan 0-0: Swinging Strike
0-1: Called Strike
0-2: Ball
1-2: Strikes out looking
Top of the 4th over - 0 runs, 0 hits, 0 errors, 1 left on base; Fresno 0 - Toledo 1
BOTTOM OF THE 4TH
Toledo Mud Hens batting - Pitching for Fresno Grizzlies : RHP Andy Harrigan
Batting: RHB Dan Becvar 0-0: Ball
1-0: Ground out 3-1 (Groundball, 34, EV 106.9 MPH)
Batting: RHB Jamie Villagrana 0-0: Ball
1-0: Ball
2-0: Swinging Strike
2-1: Called Strike
2-2: Strikes out swinging
Batting: RHB Keith Hoffman 0-0: Ball
1-0: Called Strike
1-1: Ball
2-1: Ball
3-1: Fly out, F9 (Flyball, 89M, EV 89.4 MPH)
Bottom of the 4th over - 0 runs, 0 hits, 0 errors, 0 left on base; Fresno 0 - Toledo 1
TOP OF THE 5TH
Fresno Grizzlies batting - Pitching for Toledo Mud Hens : LHP Josh Thorpe
Batting: RHB Xavier Castaneda 0-0: Ball
1-0: Ground out 1-3 (Groundball, 25, EV 63.8 MPH)
Batting: RHB Workneh Lagat 0-0: Fly out, F8 (Flyball, 8RD, EV 98.1 MPH)
Batting: SHB Bryan Johnston 0-0: Ground out U3 (Groundball, 3, EV 93.1 MPH)
Top of the 5th over - 0 runs, 0 hits, 0 errors, 0 left on base; Fresno 0 - Toledo 1
BOTTOM OF THE 5TH
Toledo Mud Hens batting - Pitching for Fresno Grizzlies : RHP Andy Harrigan
Batting: RHB Aaron Cusick 0-0: Called Strike
0-1: Ground out 5-3 (Groundball, 5, EV 86.9 MPH)
Batting: SHB Chris Wagler 0-0: Ball
1-0: Ball
2-0: Ball
3-0: Base on Balls
Batting: RHB Brandon O'Malley 0-0: Ball
1-0: Fly out, F8 (Line Drive, 8RM, EV 93.1 MPH)
Batting: RHB J.J. Basil 0-0: Called Strike
0-1: Swinging Strike
0-2: Ball
1-2: Foul Ball, location: 2F
1-2: Ball
2-2: Strikes out swinging
Bottom of the 5th over - 0 runs, 0 hits, 0 errors, 1 left on base; Fresno 0 - Toledo 1
TOP OF THE 6TH
Fresno Grizzlies batting - Pitching for Toledo Mud Hens : LHP Josh Thorpe
Batting: LHB Mark Dearth 0-0: Foul Ball, location: 2F
0-1: Ball
1-1: Ball
2-1: Foul Ball, location: 2F
2-2: Ball
3-2: Base on Balls
Batting: RHB Elijah Hunter 0-0: Ball
1-0: Ball
2-0: Foul Ball, location: 2F
2-1: Ball
3-1: Base on Balls
Mark Dearth to second
Batting: RHB Marty King 0-0: Called Strike
0-1: Ball
1-1: Called Strike
1-2: Ball
2-2: Ball
3-2: Grounds into double play, 5-4-3 (Groundball, 56S, EV 87.5 MPH)
Mark Dearth to third
Batting: LHB Angelo Vasquez 0-0: Fly out, F8 (Flyball, 8LM, EV 91.9 MPH)
Top of the 6th over - 0 runs, 0 hits, 0 errors, 1 left on base; Fresno 0 - Toledo 1
BOTTOM OF THE 6TH
Toledo Mud Hens batting - Pitching for Fresno Grizzlies : RHP Andy Harrigan
Batting: LHB Bill Ford 0-0: Called Strike
0-1: Called Strike
0-2: Ball
1-2: Ground out 6-3 (Groundball, 6M, EV 88.1 MPH)
Batting: LHB Jon Frederick 0-0: Ball
1-0: SINGLE (Groundball, 34D, EV 103.8 MPH)
Batting: RHB Dan Becvar 0-0: Ball
1-0: Foul Ball, location: 2F
1-1: Ball
2-1: Ball
3-1: Fly out, F9 (Flyball, 9D, EV 101.9 MPH)
Batting: RHB Jamie Villagrana 0-0: Called Strike
0-1: SINGLE (Groundball, 4MD, EV 95.6 MPH)
Jon Frederick to second
Runner from 2nd tries for 3rd, SAFE, throw by CF made to third
Batting: RHB Keith Hoffman 0-0: Ball
1-0: Ground out 4-3 (Groundball, 4, EV 85.0 MPH)
Bottom of the 6th over - 0 runs, 2 hits, 0 errors, 2 left on base; Fresno 0 - Toledo 1
TOP OF THE 7TH
Fresno Grizzlies batting - Pitching for Toledo Mud Hens : LHP Josh Thorpe
Batting: RHB Mark Marks 0-0: Called Strike
0-1: Swinging Strike
0-2: Ball
1-2: Reached on error, E4 (Groundball, 34, EV 100.6 MPH)
Batting: RHB Nick Deegan 0-0: Called Strike
0-1: Ball
1-1: Foul Ball, location: 2F
1-2: Fly out, F6 (Line Drive, 6, EV 73.1 MPH)
Lined into DP, 6-4 (Line Drive, 6, EV 72.5 MPH)
Batting: RHB Xavier Castaneda 0-0: Called Strike
0-1: Ball
1-1: Ball
2-1: Ground out 3-1 (Groundball, 13, EV 84.4 MPH)
Top of the 7th over - 0 runs, 0 hits, 1 error, 0 left on base; Fresno 0 - Toledo 1
BOTTOM OF THE 7TH
Toledo Mud Hens batting - Pitching for Fresno Grizzlies : RHP Andy Harrigan
Batting: RHB Aaron Cusick 0-0: Ball
1-0: Foul Ball, location: 2F
1-1: Ball
2-1: Swinging Strike
2-2: Strikes out swinging
Pitching: LHP Curt Joseph
Batting: SHB Chris Wagler 0-0: Foul Ball, location: 2F
0-1: Foul Ball, location: 2F
0-2: Ball
1-2: Ball
2-2: Ball
3-2: Strikes out swinging
Batting: RHB Brandon O'Malley 0-0: Ball
1-0: Called Strike
1-1: Ball
2-1: Swinging Strike
2-2: Fly out, F6 (Popup, 56, EV 55.6 MPH)
Bottom of the 7th over - 0 runs, 0 hits, 0 errors, 0 left on base; Fresno 0 - Toledo 1
TOP OF THE 8TH
Fresno Grizzlies batting - Pitching for Toledo Mud Hens : LHP Josh Thorpe
Pitching: RHP Chris Kimura
Batting: RHB Workneh Lagat 0-0: Ball
1-0: Ball
2-0: Called Strike
2-1: Foul Ball, location: 2F
2-2: Ground out 6-3 (Groundball, 6, EV 92.5 MPH)
Batting: SHB Bryan Johnston 0-0: Ball
1-0: Ball
2-0: Swinging Strike
2-1: Foul Ball, location: 2F
2-2: Foul Ball, location: 2F
2-2: Strikes out looking
Batting: LHB Mark Dearth 0-0: Called Strike
0-1: Called Strike
0-2: Foul Ball, location: 2F
0-2: Ball
1-2: Ball
2-2: Ground out 1-3 (Groundball, 13S, EV 70.0 MPH)
Top of the 8th over - 0 runs, 0 hits, 0 errors, 0 left on base; Fresno 0 - Toledo 1
BOTTOM OF THE 8TH
Toledo Mud Hens batting - Pitching for Fresno Grizzlies : LHP Curt Joseph
Batting: RHB J.J. Basil 0-0: Foul Ball, location: 2F
0-1: Foul Ball, location: 2F
0-2: Foul Ball, location: 2F
0-2: Strikes out swinging
Batting: LHB Bill Ford 0-0: SINGLE (Groundball, 34D, EV 97.5 MPH)
Batting: LHB Jon Frederick 0-0: Called Strike
0-1: Ball
1-1: Foul Ball, location: 2F
1-2: Fielders Choice at 2nd, 4-6 (Groundball, 34, EV 79.4 MPH)
Batting: RHB Dan Becvar 0-0: Ball
1-0: Foul Ball, location: 2F
1-1: Swinging Strike
1-2: Ball
2-2: Ball
3-2: SINGLE (Line Drive, 9S, EV 98.1 MPH)
Jon Frederick to second
Jon Frederick to third
Batting: RHB Jamie Villagrana 0-0: Foul Ball, location: 2F
0-1: Fly out, F7 (Line Drive, 7, EV 101.9 MPH)
Bottom of the 8th over - 0 runs, 2 hits, 0 errors, 2 left on base; Fresno 0 - Toledo 1
TOP OF THE 9TH
Fresno Grizzlies batting - Pitching for Toledo Mud Hens : RHP Chris Kimura
Batting: RHB Elijah Hunter 0-0: Ball
1-0: Foul Ball, location: 2F
1-1: Ball
2-1: Ball
3-1: Foul Ball, location: 2F
3-2: Strikes out swinging
Batting: RHB Marty King 0-0: Ball
1-0: Ball
2-0: Foul Ball, location: 2F
2-1: Swinging Strike
2-2: Strikes out swinging
Batting: LHB Angelo Vasquez 0-0: Called Strike
0-1: Swinging Strike
0-2: Strikes out swinging
Top of the 9th over - 0 runs, 0 hits, 0 errors, 0 left on base; Fresno 0 - Toledo 1
Tuesday, March 28th , 2023 - OOTP Baseball 23.10 Build 110